 Dungeon Crawl Stone Soup version 0.27-a0-1065-ge809cff456 (webtiles) character file.

Game seed: 16669632266910239054

7133 tsouns the Reanimator (level 10, -1/77 HPs)
             Began as a Demonspawn Necromancer on Apr 23, 2021.
             Was an Elder of Qazlal.
             Slain by a troll (11 damage)
             ... on level 9 of the Dungeon.
             The game lasted 00:25:30 (12568 turns).

tsouns the Reanimator (Demonspawn Necromancer)     Turns: 12568, Time: 00:25:31

Health: -1/77      AC: 10    Str:  9    XL:     10   Next: 85%
Magic:  1/21       EV: 12    Int: 20    God:    Qazlal [****..]
Gold:   486        SH: 15    Dex: 13    Spells: 10/24 levels left

rFire    . . .     SeeInvis .   l - +2 flail (drain)
rCold    . . .     Faith    .   k - +1 buckler
rNeg     . . .     Spirit   .   a - +1 robe
rPois    .         Reflect  .   (no helmet)
rElec    .         Harm     .   (no cloak)
rCorr    .         Rampage  .   (gloves unavailable)
Will     +....                  (no boots)
Stlth    +.........             (no amulet)
HPRegen  0.22/turn              y - ring of willpower
MPRegen  0.17/turn              (no ring)

@: marked, repel missiles
A: claws 3, slimy green scales 2, demonic guardian 1, icemail 1, condensation
shield
a: Renounce Religion, Upheaval, Elemental Force


You were on level 9 of the Dungeon.
You worshipped Qazlal.
Qazlal was greatly pleased with you.
You visited 1 branch of the dungeon, and saw 9 of its levels.
You also visited: Ossuary.

You collected 486 gold pieces.

Inventory:

Hand Weapons
 l - a +2 flail of draining (weapon)
 u - a +3 dagger of venom
Missiles
 f - 43 poisoned darts
 o - 2 javelins
 F - a curare-tipped dart
Armour
 a - a +1 robe (worn)
 g - a +1 pair of gloves
 k - a +1 buckler (worn)
Jewellery
 r - an amulet of guardian spirit
 s - a ring of ice
 y - a ring of willpower (left claw)
Wands
 t - a wand of iceblast (26)
 E - a wand of flame (7)
 H - a wand of mindburst (12)
 I - a wand of paralysis (3)
Scrolls
 b - a scroll of enchant armour
 c - a scroll of brand weapon
 h - 4 scrolls of identify
 i - 2 scrolls of summoning
 j - 3 scrolls of fog
 m - a scroll of blinking
 p - 4 scrolls of enchant weapon
 B - a scroll of magic mapping {unknown}
 C - a scroll of fear
 G - a scroll of amnesia
Potions
 d - a potion of attraction {unknown}
 e - 3 potions of lignification
 n - 4 potions of curing
 q - a potion of berserk rage
 v - 3 potions of might
 w - 3 potions of cancellation
 x - 3 potions of flight
 z - 2 potions of brilliance
 D - a potion of ambrosia {unknown}


   Skills:
 + Level 6.8 Fighting
 + Level 6.2 Maces & Flails
 - Level 1.7 Dodging
 - Level 1.7 Stealth
 - Level 4.0 Shields
 + Level 7.8 Spellcasting
 + Level 10.0 Necromancy
 + Level 6.9 Invocations


You had 10 spell levels left.
You knew the following spells:

 Your Spells              Type           Power      Damage    Failure   Level
a - Pain                  Necr           100%       1d9       1%          1
b - Animate Skeleton      Necr           96%        N/A       1%          1
c - Vampiric Draining     Necr           24%        2d9       1%          3
d - Animate Dead          Necr           24%        N/A       1%          4
e - Agony                 Necr           48%        N/A       3%          5

Your spell library contained the following spells:

 Spells                   Type           Power      Damage    Failure   Level
 Foxfire                  Conj/Fire      28%        2x1d5     9%          1
 Sandblast                Erth           14%        2d6       9%          1
 Passwall                 Tmut/Erth      5%         N/A       13%         2
 Conjure Flame            Conj/Fire      7%         6-21      26%         3
 Inner Flame              Hex/Fire       7%         N/A       26%         3
 Stone Arrow              Conj/Erth      14%        3d7       26%         3
 Petrify                  Tmut/Erth      7%         N/A       65%         4
 Sticky Flame             Conj/Fire      7%         2d3       65%         4
 Bolt of Magma            Conj/Fire/Erth 3%         4d5       94%         5
 Fireball                 Conj/Fire      3%         3d4       94%         5
 Iskenderun's Battlesphe  Conj           7%         2d6       94%         5
 Lee's Rapid Deconstruct  Erth           3%         3d6*      94%         5
 Iron Shot                Conj/Erth      3%         9d2       100%        6
 Orb of Destruction       Conj           3%         9d1       100%        7
 Spellforged Servitor     Conj/Summ      3%         N/A       100%        7


Dungeon Overview and Level Annotations

Branches:
Dungeon (9/15)             Temple (0/1) D:4            Lair (0/6) D:9
Ossuary (visited)
    Orc: D:9-12

Altars:
Ashenzari
Fedhas
Qazlal
Trog
Uskayaw
Vehumet
Beogh

Annotations:
D:4 3 runed translucent doors, Verendum's ghost, amateur OpFi


Innate Abilities, Weirdness & Mutations

You have claws for hands.
You are mostly covered in slimy green scales. (AC +3)
A weak demonic guardian rushes to your aid.
A meltable icy envelope protects you from harm. (AC +4)
A meltable shield of frost defends you. (SH +4)


Message History

Aiming: Vampiric Draining (safe; 1% risk of failure)
Press: ? - help, Shift-Dir - straight line, f - troll
Aim: a troll (heavily wounded, lightly drained, ally target)
You draw life force from the troll!
You feel life coursing into your body. You block the troll's attack.
The troll claws you.
* * * LOW HITPOINT WARNING * * *
You block the troll's attack.
The centaur shoots an arrow.
The arrow closely misses you.
You feel much better.
The centaur shoots an arrow.
The arrow hits you. The troll bites you but does no damage.
You block the troll's attack. The troll claws you.
The centaur shoots an arrow.
The arrow closely misses you.
You closely miss the troll.
The troll is almost dead.
The centaur shoots an arrow.
You block the arrow. The troll barely misses you. You block the troll's attack.
The troll closely misses you.
You closely miss the troll.
The troll is severely wounded.
The centaur shoots an arrow.
The arrow closely misses you. You block the troll's attack.
The troll claws you. You block the troll's attack.
You hit the troll but do no damage.
The troll is severely wounded.
The centaur shoots an arrow.
The arrow barely misses you.
You block the troll's attack. x2; The troll claws you!
The centaur shoots an arrow.
The arrow barely misses you.
You sock the troll!
The troll is almost dead.
The troll bites you!
* * * LOW HITPOINT WARNING * * *
The troll claws you but does no damage. The troll claws you.
* * * LOW HITPOINT WARNING * * *
The centaur shoots an arrow.
You block the arrow.
You barely miss the troll.
The troll is almost dead.
The centaur shoots an arrow.
The arrow hits you.
* * * LOW HITPOINT WARNING * * *
The troll barely misses you. The troll misses you.
You block the troll's attack.
The centaur shoots an arrow.
The arrow misses you.
You block the troll's attack. x2; The troll claws you!
You die...

.÷........###..##
÷#.....######...#####
.#.....###..........#
##..##..............#
.... ###.c.........#
.##.. #...........#
.. ................#
.. ###.#...###.5####
..# .... ##@# ... #T#
#. #.# #.# ... ...
... #####


You could see a troll (drained, ally target), a centaur and a friendly ufetubus
(summoned).

Vanquished Creatures
  Harold (D:9)
  Pikel (D:6)
  Psyche (D:8)
  A hornet (D:9)
  Grinder (D:5)
  Prince Ribbit (D:6)
  5 yaks (D:8)
  A shadow (D:9)
  Sigmund (D:5)
  Edmund (D:5)
  Duvessa (D:4)
  3 water moccasins (D:9)
  A sky beast (D:7)
  5 black bears
  4 necrophages
  3 orc warriors
  An ice beast (D:6)
  3 ogres
  A phantom (D:6)
  3 kobold brigands
  5 bullfrogs
  2 scorpions
  5 killer bees
  3 wights (D:8)
  A howler monkey (D:5)
  A bullfrog zombie (D:5)
  A hound (D:6)
  An orc priest (D:8)
  A human zombie (Ossuary)
  7 centaur zombies
  2 jellies
  2 centaur skeletons
  2 bullfrog skeletons (D:6)
  2 orc wizards
  A killer bee zombie (D:6)
  A hound zombie (D:5)
  7 mummies (Ossuary)
  A howler monkey zombie (D:5)
  8 adders
  A white imp (D:6)
  An ufetubus (D:5)
  3 adder zombies (Ossuary)
  2 worms
  3 dart slugs
  18 orcs
  9 ball pythons
  6 bats
  8 endoplasms
  9 hobgoblins
  2 jackals (D:1)
  3 quokkas
  2 frilled lizards (D:2)
  5 goblins
  3 goblin zombies (Ossuary)
  8 hobgoblin zombies (Ossuary)
  17 kobolds
  4 kobold zombies (Ossuary)
  2 quokka zombies (Ossuary)
  6 rats
  3 rat zombies (Ossuary)
207 creatures vanquished.

Vanquished Creatures (collateral kills)
  A water moccasin (D:8)
  Dowan (D:4)
  A killer bee (D:8)
  An adder zombie (Ossuary)
4 creatures vanquished.

Vanquished Creatures (others)
  4 bushes (D:6)
  26 fungi (D:9)
  29 plants
59 creatures vanquished.

Grand Total: 270 creatures vanquished

Notes
Turn   | Place    | Note
-------+----------+-------------------------------------------
     0 | D:1      | tsouns the Demonspawn Necromancer began the quest for the
                  | Orb.
     0 | D:1      | Reached XP level 1. HP: 13/13 MP: 3/3
   472 | D:1      | Gained mutation: You are partially covered in slimy green
                  | scales. (AC +2) [demonic ancestry]
   472 | D:1      | Reached XP level 2. HP: 15/19 MP: 0/5
   541 | D:1      | Learned a level 1 spell: Animate Skeleton
  1609 | D:2      | Reached skill level 5 in Necromancy
  1609 | D:2      | Reached XP level 3. HP: 19/24 MP: 1/7
  1847 | D:2      | Found a hide-covered altar of Uskayaw.
  2249 | D:2      | Gained mutation: A weak demonic guardian rushes to your
                  | aid. [demonic ancestry]
  2249 | D:2      | Reached XP level 4. HP: 25/30 MP: 3/8
  2645 | D:2      | Learned a level 3 spell: Vampiric Draining
  2650 | D:2      | Learned a level 4 spell: Animate Dead
  2881 | D:3      | Reached skill level 1 in Shields
  3133 | D:3      | Gained mutation: You have sharp fingernails. [demonic
                  | ancestry]
  3133 | D:3      | Reached XP level 5. HP: 30/35 MP: 4/10
  3552 | D:3      | Found a faded altar of an unknown god.
  3563 | D:3      | Became a worshipper of Qazlal Stormbringer
  3563 | D:3      | Reached * piety under Qazlal
  3716 | D:4      | Found a staircase to the Ecumenical Temple.
  4189 | D:4      | Noticed a necrophage
  4283 | D:4      | Killed a necrophage
  4284 | D:4      | Reached skill level 6 in Necromancy
  4284 | D:4      | Gained mutation: A meltable shield of frost defends you.
                  | (SH +4) [demonic ancestry]
  4284 | D:4      | Reached XP level 6. HP: 9/41 MP: 11/11
  4385 | D:4      | Noticed Duvessa
  4406 | D:4      | Killed Duvessa
  4409 | D:4      | Noticed Dowan
  4425 | D:4      | Killed Dowan
  5076 | D:4      | Gained mutation: You are mostly covered in slimy green
                  | scales. (AC +3) [demonic ancestry]
  5076 | D:4      | Reached XP level 7. HP: 46/46 MP: 13/13
  5082 | D:4      | Found a runed translucent gate.
  5084 | D:4      | Found a runed translucent gate.
  5085 | D:4      | Found a runed translucent gate.
  5085 | D:4      | Noticed Verendum's ghost (amateur OpFi)
  5414 | D:5      | Entered Level 5 of the Dungeon
  5485 | D:5      | Found a sand-covered staircase.
  5489 | Ossuary  | Entered an ossuary
  5752 | Ossuary  | Reached ** piety under Qazlal
  5785 | Ossuary  | Learned a level 5 spell: Agony
  5872 | Ossuary  | Reached skill level 1 in Fighting
  5932 | Ossuary  | Reached skill level 1 in Maces & Flails
  6626 | Ossuary  | Reached skill level 7 in Necromancy
  6730 | D:5      | Noticed Edmund
  6760 | D:5      | Killed Edmund
  6761 | D:5      | Reached skill level 5 in Spellcasting
  6761 | D:5      | Gained mutation: You have very sharp fingernails. [demonic
                  | ancestry]
  6761 | D:5      | Reached XP level 8. HP: 48/56 MP: 0/15
  7492 | D:5      | Found a radiant altar of Vehumet.
  7608 | D:5      | Noticed Grinder
  7608 | D:5      | Noticed Sigmund
  7616 | D:5      | Killed Sigmund
  7629 | D:5      | Killed Grinder
  8071 | D:6      | Reached skill level 8 in Necromancy
  8125 | D:6      | Found a bloodstained altar of Trog.
  8153 | D:6      | Reached *** piety under Qazlal
  8429 | D:6      | Gained mutation: You have claws for hands. [demonic
                  | ancestry]
  8429 | D:6      | Reached XP level 9. HP: 32/65 MP: 4/18
  8627 | D:6      | Noticed Pikel
  8667 | D:6      | Reached skill level 1 in Invocations
  8675 | D:6      | Killed Pikel
  9033 | D:6      | Found a blossoming altar of Fedhas.
  9096 | D:6      | Noticed Prince Ribbit
  9515 | D:6      | Killed Prince Ribbit
  9516 | D:6      | Reached skill level 5 in Fighting
  9793 | D:7      | Found a broken altar of Ashenzari.
 10039 | D:7      | Reached skill level 9 in Necromancy
 10527 | D:8      | Noticed Psyche
 10577 | D:8      | Killed Psyche
 10578 | D:8      | Reached skill level 5 in Maces & Flails
 10584 | D:8      | Gained mutation: A meltable icy envelope protects you from
                  | harm. (AC +4) [demonic ancestry]
 10584 | D:8      | Reached XP level 10. HP: 33/75 MP: 2/20
 11300 | D:8      | Reached skill level 5 in Invocations
 12160 | D:9      | Reached **** piety under Qazlal
 12180 | D:9      | Found a staircase to the Lair.
 12536 | D:9      | Noticed Harold
 12551 | D:9      | Killed Harold
 12552 | D:9      | Reached skill level 10 in Necromancy
 12568 | D:9      | Slain by a troll

Illustrated notes

Levels and vault maps discovered:
D:1:      minmay_arrival_up_and_down, layout_loops_cross
D:2:      layout_basic, basic_altar, chequers_serial_rivers_large_b
D:3:      layout_rooms, shapermc_ecumenical_altar_notcrosses,
          minmay_misc_feat_encased
D:4:      layout_loops_ring, minmay_temple_entry_mist,
          biasface_ghost_orc_armoury, uniq_duvessa
D:5:      layout_basic, lemuel_doored_altar,
          nicolae_ossuary_entry_false_entrances, uniq_edmund, uniq_grinder,
          uniq_sigmund
D:6:      layout_basic, trog_three_pillars_becter, fedhas_altar_decomposition,
          grunt_decor_resistance, uniq_pikel, uniq_prince_ribbit1
D:7:      layout_basic, kennysheep_mini
D:8:      layout_rooms, uniq_psyche
D:9:      layout_rooms, due_lair_maze_entry_diamond, uniq_harold

Skill      XL: |  1  2  3  4  5  6  7  8  9 10 |
---------------+-------------------------------+-----
Necromancy     | 5 6 7 8 9 10 | 10.0
Spellcasting   | 3 4 5 6 7 |  7.8
Shields        | 1 2 3 4 |  4.0
Fighting       | 2 4 5 6 |  6.8
Maces & Flails | 2 3 5 6 |  6.2
Invocations    | 4 6 |  6.9
Dodging        | |  1.7
Stealth        | |  1.7

Action                   |  1- 3 |  4- 6 |  7- 9 | 10-12 || total
-------------------------+-------+-------+-------+-------++-------
Melee: Unarmed           |     9 |       |       |       ||     9
       Whip              |    33 |       |   210 |       ||   243
       Dagger            |    13 |    70 |    43 |       ||   126
       Flail             |       |       |   231 |   172 ||   403
 Cast: Pain              |    74 |    60 |    49 |    27 ||   210
       Animate Skeleton  |     1 |       |       |       ||     1
       Animate Dead      |       |     3 |     2 |     3 ||     8
       Vampiric Draining |       |     2 |    11 |    19 ||    32
       Agony             |       |       |    10 |       ||    10
Evoke: Wand              |       |     3 |     7 |       ||    10
  Use: Scroll            |       |       |    23 |       ||    23
       Potion            |       |       |       |     1 ||     1
Armor: Robe              |    20 |    21 |   116 |    36 ||   193
Dodge: Dodged            |    53 |    37 |   176 |    76 ||   342
Block: Buckler           |       |    35 |   345 |   170 ||   550

Table legend: (Time is in decaauts)
 A = Elapsed time spent in this place.
 B = Non-inter-level travel time spent in this place.
 C = Inter-level travel time spent in this place.
 D = Time resting spent in this place.
 E = Time spent auto-exploring this place.
 F = Levels seen in this place.
 G = Mean time per level.
                   A        B        C        D        E       F      G
               +--------+--------+--------+--------+--------+-----+--------+
         Total |  12690 |  12322 |    368 |     20 |  10071 |  10 | 1269.0 |
       Dungeon |  11465 |  11097 |    368 |     20 |   9247 |   9 | 1273.9 |
       Ossuary |   1224 |   1224 |      0 |      0 |    824 |   1 | 1224.0 |
               +--------+--------+--------+--------+--------+-----+--------+

Top non-repeatable levels by time:
     D:4: 1744 daAuts
     D:6: 1683 daAuts
     D:1: 1599 daAuts
     D:7: 1332 daAuts
     D:5: 1295 daAuts
     D:8: 1239 daAuts
     D:2: 1233 daAuts
 Ossuary: 1224 daAuts
     D:3: 913 daAuts
     D:9: 423 daAuts
